AoeStats
← QUETZAEL

Arena

509531353Analyzed
1v1 RM · 6d ago on Sep 27, 2026· 36m 47s· 2 players
Game mode
Random Map
Map size
Tiny (2 player)
Population
200
Speed
Normal
Resources
Standard
Victory
Conquest
Starting age
Dark Age
Ending age
Imperial Age
RankedLock teamsTeams togetherTeam positionsShared explorationLock speedFull tech treeHidden civsTurbo modeCheats
Victory
Defeat
🇧🇴 Britons · Bolivia
766
+13
🇲🇽 Aztecs · Mexico
698
-13
QUETZAEL
2:43 Loom
10:46 Feudal Age
11:23 Double-Bit Axe
11:40 Horse Collar
13:00 Man-at-Arms
19:11 Wheelbarrow
21:44 Castle Age
20:54 Fletching
24:47 Heavy Plow
24:48 Bodkin Arrow
29:08 Forging
28:58 Scale Mail Armor
28:59 Padded Archer Armor
30:38 Hand Cart
30:09 Town Watch
32:36 Gold Mining
36:44 Imperial Age
34:58 Squires
34:23 Eagle Warrior
34:29 Elite Skirmisher
35:48 Iron Casting
35:29 Chain Mail Armor
35:30 Leather Archer Armor
35:44 Ballistics
†Chefcito†|
12:13 Feudal Age
16:26 Castle Age
17:41 Double-Bit Axe
18:10 Horse Collar
20:46 Heavy Plow
22:11 Bow Saw
24:37 Fervor
24:25 Gold Mining
25:13 Fletching
27:38 Stone Mining
28:25 Gold Shaft Mining
28:35 Wheelbarrow
28:32 Bodkin Arrow
29:59 Ballistics
30:24 Padded Archer Armor
31:36 Hand Cart
32:23 Leather Archer Armor
36:34 Imperial Age
33:53 Loom
33:57 Town Watch
36:35 Elite Longbowman
37:23 Bracer
Connection lost

Rejoining the realm…

Still unreachable

The connection could not be restored.

Session expired

The server has moved on; the page needs a fresh start.